 Dungeon Crawl Stone Soup version 0.29.1-12-g30fa7ad0bf (webtiles) character file.

Game seed: 15496076308254512991

418 warriortoast the Conjurer (level 6, -11/45 HPs)
             Began as a Draconian Conjurer on Dec 12, 2022.
             Mangled by a yak (12 damage)
             ... on level 6 of the Dungeon.
             The game lasted 00:06:13 (4941 turns).

warriortoast the Conjurer (Draconian Conjurer)      Turns: 4941, Time: 00:06:14

Health: -11/45     AC:  7    Str: 13    XL:     6   Next: 61%
Magic:  11/11      EV: 12    Int: 21    God:
Gold:   48         SH:  0    Dex:  9    Spells: 11/12 levels left

rFire   . . .      SeeInvis .   o - +10 sling of Laceration {freeze, Str+4 Stlth-}
rCold   . . .      Faith    .   (no shield)
rNeg    . . .      Spirit   .   (body armour unavailable)
rPois   .          Reflect  .   (helmet restricted)
rElec   .          Harm     .   (no cloak)
rCorr   .          Rampage  .   y - +0 pair of gloves
Will    .....                   (no boots)
Stlth   +.........              (no amulet)
HPRegen 0.15/turn               (no ring)
MPRegen 0.12/turn               (no ring)

@: no status effects
A: AC +6, unfitting armour, cold-blooded
a: no special abilities


You were on level 6 of the Dungeon.
You visited 1 branch of the dungeon, and saw 6 of its levels.

You collected 228 gold pieces.
You spent 180 gold pieces at shops.

Inventory:

Hand Weapons
 c - a +0 dagger
 n - a +2 short sword of draining
 o - the +10 sling of Laceration (weapon) {freeze, Str+4 Stlth-}
   (You found it on level 3 of the Dungeon)

   Any ammunition fired from it freezes those it strikes, dealing additional
   cold damage.
   It can also slow down cold-blooded creatures.
   Str:       It affects your strength (+4).
   Stlth:     It makes you less stealthy.
Armour
 y - a +0 pair of gloves (worn)
Jewellery
 j - a ring of poison resistance
 r - a +4 ring of evasion
 t - a ring of protection from fire
Scrolls
 d - 2 scrolls of fear
 f - 7 scrolls of identify {unknown}
 g - 2 scrolls of teleportation {unknown}
 k - a scroll of amnesia {unknown}
 l - a scroll of poison {unknown}
 m - a scroll of vulnerability {unknown}
 p - a scroll of enchant weapon {unknown}
 s - a scroll of magic mapping {unknown}
 x - a scroll of immolation {unknown}
Potions
 a - a potion of magic
 b - a potion of resistance {unknown}
 e - 2 potions of curing
 h - a potion of brilliance {unknown}
 i - a potion of might {unknown}
 q - a potion of haste {unknown}
 u - a potion of attraction {unknown}
 v - a potion of invisibility
 w - a potion of flight
 z - a potion of heal wounds {unknown}


   Skills:
 + Level 3.5 Dodging
 + Level 3.7 Stealth
 + Level 3.7 Spellcasting
 + Level 5.3 Conjurations


You had 11 spell levels left.
You knew the following spells:

 Your Spells              Type           Power      Damage    Failure   Level
a - Magic Dart            Conj           100%       1d8       1%          1

Your spell library contained the following spells:

 Spells                   Type           Power      Damage    Failure   Level
 Searing Ray              Conj           52%        2d6       2%          2
 Dazzling Flash           Conj/Hex       30%        N/A       13%         3
 Fulminant Prism          Conj/Hex       7%         3d7       38%         4
 Hailstorm                Conj/Ice       15%        3d5       38%         4
 Iskenderun's Mystic Bla  Conj/Tloc      15%        2d5       38%         4
 Death Channel            Necr           1%         N/A       100%        6
 Borgnjor's Revivificati  Necr           1%         N/A       100%        8


Dungeon Overview and Level Annotations

Branches:
Dungeon (7/15)
 Temple: D:4-7

Altars:
Cheibriados
Makhleb
Ru
Sif Muna
Uskayaw
Zin

Shops:
D:4 *

Annotations:
D:3 4 runed translucent doors, Crazy Yiuf; Digitality's ghost, amateur DsGl; sigtrap's ghost, weakling GnGl


Innate Abilities, Weirdness & Mutations

Your plain brown scales are hard. (AC +6)
You cannot fit into any form of body armour.
You are cold-blooded and may be slowed by cold attacks.


Message History

A yak comes into view.
Found a bubbling brown potion.
The yak bellows!
You hear a bellow!
A yak comes into view.
You shoot a sling bullet. The sling bullet hits the yak.
The sling bullet freezes the yak.
The yak is moderately wounded.
You shoot a sling bullet.
The sling bullet hits the yak but does no damage.
The yak is moderately wounded.
You shoot a sling bullet. The sling bullet hits the yak!
The sling bullet freezes the yak.
The yak is heavily wounded.
A yak comes into view.
You shoot a sling bullet. The yak bellows!
The sling bullet hits the yak.
The sling bullet freezes the yak.
The yak is heavily wounded.
A yak comes into view.
You shoot a sling bullet. The yak bellows!
The sling bullet hits the yak!
The sling bullet freezes the yak.
The yak is severely wounded.
You hear a bellow!
The yak barely misses you. The yak gores you!
A yak comes into view.
The yak attacks as you move away! The yak completely misses you.
The yak attacks as you move away! The yak gores you.
You see here a +0 flail.
There is an escape hatch in the ceiling here.
The yak gores you! A mysterious force pulls you upwards.
The hatch slams shut behind you.
The orc warrior shouts!
The orc wizard shouts!
The orc shouts!
Found a long sword.
Unknown command.
The yak barely misses you. The orc wizard closely misses you.
The orc warrior hits you with a +3 long sword!!
* * * LOW HITPOINT WARNING * * *
The yak gores you!
You die...

... #.# ...
#.# #.# ##o##
#.o.# #Y..#
#.@o# #...#
.......
.......)...
#..♣♣♣........
#.♣ #♣..###.#
... .## . #.
.#


You could see a yak, an orc warrior, an orc wizard and an orc.

Vanquished Creatures
  Sigmund (D:3)
  A hound (D:4)
  An orc priest (D:3)
  2 iguanas (D:4)
  2 adders
  An ufetubus (D:4)
  2 worms
  A dart slug (D:1)
  10 orcs (D:3)
  8 ball pythons
  10 endoplasms
  4 giant cockroaches (D:1)
  15 goblins
  3 hobgoblins
  7 jackals
  6 kobolds
  4 quokkas
  7 bats
  2 frilled lizards (D:1)
  8 rats
95 creatures vanquished.

Notes
Turn   | Place    | Note
-------+----------+-------------------------------------------
     0 | D:1      | warriortoast the Draconian Conjurer began the quest for the
                  | Orb.
     0 | D:1      | Reached XP level 1. HP: 14/14 MP: 3/3
   296 | D:1      | Reached XP level 2. HP: 17/20 MP: 0/5
   884 | D:1      | Reached XP level 3. HP: 26/26 MP: 2/6
   928 | D:1      | Got Sif Muna's Collected Works on Evil Hypothermia
  1073 | D:1      | Found a faded altar of an unknown god.
  1696 | D:2      | Found a glowing silver altar of Zin.
  2407 | D:2      | Reached XP level 4. HP: 33/33 MP: 3/7
  3044 | D:3      | Found a runed translucent door.
  3045 | D:3      | Noticed Crazy Yiuf
  3161 | D:3      | Found a runed translucent gate.
  3161 | D:3      | Found a runed translucent gate.
  3161 | D:3      | Found a runed translucent gate.
  3162 | D:3      | Noticed sigtrap's ghost (weakling GnGl)
  3169 | D:3      | Noticed Digitality's ghost (amateur DsGl)
  3378 | D:3      | Noticed Sigmund
  3411 | D:3      | Killed Sigmund
  3412 | D:3      | Reached skill level 5 in Conjurations
  3412 | D:3      | Reached XP level 5. HP: 22/38 MP: 3/10
  3412 | D:3      | Reached XP level 6. HP: 27/45 MP: 3/11
  3949 | D:3      | Identified the +10 sling of Laceration {freeze, Str+4
                  | Stlth-}
  4542 | D:4      | Found a hide-covered altar of Uskayaw.
  4556 | D:4      | Found Ejuplim's General Store.
  4565 | D:4      | Bought a potion of curing for 30 gold pieces
  4565 | D:4      | Bought a scroll of fear for 40 gold pieces
  4565 | D:4      | Bought a potion of invisibility for 80 gold pieces
  4565 | D:4      | Bought a potion of flight for 30 gold pieces
  4747 | D:4      | Found a shimmering blue altar of Sif Muna.
  4761 | D:4      | Found a snail-covered altar of Cheibriados.
  4787 | D:4      | Found a sacrificial altar of Ru.
  4796 | D:4      | Found a burning altar of Makhleb.
  4816 | D:4      | You fall into a shaft and drop 3 floors!
  4925 | D:7      | Noticed a yak
  4925 | D:7      | Noticed a yak
  4928 | D:7      | Noticed a yak
  4929 | D:7      | Noticed a yak
  4931 | D:7      | Noticed a yak
  4939 | D:6      | Noticed an orc warrior
  4940 | D:6      | HP: 1/45 [orc warrior/+3 long sword (21)]
  4941 | D:6      | Mangled by a yak

Illustrated notes

Levels and vault maps discovered:
D:1:      kilobyte_arrival_exit_the_forest, layout_loops_ring,
          shapermc_ecumenical_altar_venn, minmay_surrounded
D:2:      layout_basic, basic_altar
D:3:      kennysheep_big_flooded_room, layout_basic, gammafunk_ghost_cemetery,
          uniq_sigmund, uniq_crazy_yiuf_cottage
D:4:      layout_basic, nicolae_overflow_quartered_altars, bloody_makhleb,
          serial_shops, shop, kennysheep_crisscross
D:6:      layout_loops_cross, hangedman_decor_lopped, minmay_stone_trees_small
D:7:      layout_basic

Skill      XL: |  1  2  3  4 |
---------------+-------------+-----
Stealth        | 2 3 |  3.7
Dodging        | 2 3 |  3.5
Spellcasting   | 3 |  3.7
Conjurations   | 5 |  5.3

Action                   |  1- 3 |  4- 6 || total
-------------------------+-------+-------++-------
Melee: Unarmed           |    19 |       ||    19
       Tailslap          |     6 |     2 ||     8
       Dagger            |     6 |    11 ||    17
       Short sword       |       |     1 ||     1
 Fire: Sling             |       |    35 ||    35
 Cast: Magic Dart        |    94 |    97 ||   191
Armor: Skin              |    10 |    37 ||    47
Dodge: Dodged            |    16 |    62 ||    78
